 Dungeon Crawl Stone Soup version 0.25-a0-942-g87a53962fc (webtiles) character file.

Game seed: 12666679935279797675, levelgen mode: deterministic

21982 Flugslaktarn the Severer (level 12, -8/162 HPs)
             Began as a Minotaur Fighter on May 6, 2020.
             Was an Initiate of Gozag.
             Mangled by Rupert
             ... wielding a +3 great mace of draining
              (16 damage)
             ... on level 12 of the Dungeon.
             The game lasted 00:08:23 (15195 turns).

Flugslaktarn the Severer (Minotaur Fighter)        Turns: 15195, Time: 00:08:24

Health: -8/162     AC: 19    Str: 25 (26) XL:     12   Next: 59%
Magic:  11/11      EV:  3    Int:  4 (5)  God:    Gozag
Gold:   1354       SH: 18    Dex: 13 (14) Spells: 11/11 levels left

rFire    + . .     SeeInvis .   l - +0 broad axe
rCold    + . .     Gourm    .   B - +1 tower shield
rNeg     . . .     Faith    .   n - +0 plate armour
rPois    +         Spirit   .   (helmet restricted)
rElec    +         Reflect  .   (no cloak)
rCorr    +         Harm     .   H - +2 pair of gloves
MR       .....                  (no boots)
Stlth    ..........             (no amulet)
HPRegen  0.37/turn              k - +4 ring of dexterity
MPRegen  0.12/turn              p - +3 ring of protection

@: berserking, resistant, very heavily drained, very quick
A: retaliatory headbutt, horns 2
a: Potion Petition, Call Merchant, Bribe Branch, Renounce Religion


You were on level 12 of the Dungeon.
You worshipped Gozag.
Gozag was most pleased with you.
You were not hungry.

You visited 3 branches of the dungeon, and saw 15 of its levels.

You collected 1763 gold pieces.
You spent 232 gold pieces at shops.
You paid 177 gold pieces to Gozag.

Inventory:

Hand Weapons
 l - a +0 broad axe (weapon)
   (You took it off an orc wizard on level 8 of the Dungeon)
Missiles
 j - a throwing net (quivered)
Armour
 n - a +0 plate armour (worn)
   (You took it off an orc warrior on level 8 of the Dungeon)
 B - a +1 tower shield (worn)
   (You found it on level 6 of the Dungeon)
 H - a +2 pair of gloves (worn)
   (You bought it in a shop on level 10 of the Dungeon)
Jewellery
 c - an uncursed ring of protection from cold
   (You found it on level 6 of the Dungeon)
 i - the amulet "Timmuc" {Harm *Drain rN+ Str+3 Int-4 Stlth+}
   (You took it off a centaur on level 8 of the Dungeon)

   [amulet of harm]

   It increases damage dealt and taken.
   It affects your strength (+3).
   It affects your intelligence (-4).
   It protects you from negative energy.
   It causes draining when unequipped.
   It makes you more stealthy.
 k - a +4 ring of dexterity (left hand)
   (You found it on level 1 of the Dungeon)
 p - a +3 ring of protection (right hand)
   (You took it off an orc on level 8 of the Dungeon)
 s - a +3 ring of strength
   (You found it on level 4 of the Dungeon)
Wands
 A - a wand of acid (10)
   (You found it on level 9 of the Dungeon)
 C - a wand of paralysis (8)
   (You found it on level 9 of the Dungeon)
Scrolls
 b - a scroll of immolation {unknown}
 h - 3 scrolls of magic mapping
 m - a scroll of torment {unknown}
 q - 4 scrolls of enchant armour
 r - 3 scrolls of identify
 t - 7 scrolls of teleportation
 u - a scroll of acquirement {unknown}
 x - 3 scrolls of remove curse
 y - a scroll of holy word {unknown}
 D - 2 scrolls of noise {unknown}
 E - a scroll of enchant weapon {unknown}
 F - a scroll of fear {unknown}
 I - 3 scrolls of brand weapon {unknown}
 L - a scroll of fog {unknown}
Potions
 a - a potion of cancellation
 d - a potion of might
 f - 2 potions of ambrosia
 g - 4 potions of flight
 o - 3 potions of stabbing
 v - a potion of haste
 w - a potion of heal wounds
 G - a potion of degeneration
 J - a potion of curing {unknown}
 K - a potion of mutation {unknown}
Comestibles
 e - 13 rations


   Skills:
 + Level 10.7(7.3) Fighting
 - Level 18.0(13.9) Axes
 + Level 10.6(7.2) Armour
 + Level 10.7(7.2) Shields


You had 11 spell levels left.
You didn't know any spells.
Your spell library was empty.

Dungeon Overview and Level Annotations

Branches:
Dungeon (13/15)            Temple (1/1) D:5            Lair (1/6) D:9
    Orc (0/2) D:10
 Vaults: D:13-14

Altars:
Ashenzari
Cheibriados
Dithmenos
Elyvilon
Fedhas
Gozag
Hepliaklqana
Kikubaaqudgha
Makhleb
Nemelex Xobeh
Okawaru
Qazlal
Ru
Sif Muna
Trog
Uskayaw
Vehumet
Wu Jian
Xom
Yredelemnul
Zin
The Shining One

Shops:
D:6 =   D:10 [(

Annotations:
D:4 3 runed translucent doors, Amnesiac's ghost, amateur DEWz
D:12 Rupert


Innate Abilities, Weirdness & Mutations

You reflexively headbutt those who attack you in melee.
You have a pair of horns on your head.


Message History

Something hits you but does no damage.
Deactivating autopickup; reactivate with Ctrl-A.
You block Rupert's attack.
Unknown command.
Okay, then.
Unknown command.
Unknown command. [a] - 0 gold - heal wounds, berserk rage, curing and magic [b] - 0 gold - haste, brilliance, resistance, invisibility and stabbing [c] - 0 gold - heal wounds, curing and berserk rage Purchase which effect?
You feel much better.
A red film seems to cover your vision as you go berserk!
You feel yourself moving faster!
You feel mighty!
You feel better. Magic courses through your body.
Rupert hits you with a +3 great mace of draining!!!
* * * LOW HITPOINT WARNING * * *
You feel drained.
You die...
Your body crumbles into a pile of gold.

#.# #.# #.# #.# #.#### #.#
.....###.# .....<...# #.##.#####
#.##.####### #####
...........######...#############
#.##...........@@.#..............
#.########.######...##..#########
.......# #.# #########..# #
#.####.# #.# #.......#..# #
.....#(# #.# #.#####....# #
#.##.#.###.# #.#####...###### #
#.##..#.##.# #.##.).......>.# #
#.##.###.#.###.##.##...####.#####
#...## ##.......)......# #.##...


You could see Rupert (berserk).

Vanquished Creatures
  Erolcha (D:10)
  Erica (D:11)
  3 two-headed ogres
  A death yak (D:8)
  2 skeletal warriors (D:9)
  An unseen horror (D:11)
  Pikel (D:8)
  An ugly thing (D:12)
  A manticore (D:12)
  6 centaur skeletons
  2 trolls
  3 hippogriffs
  3 flying skulls (D:9)
  Sigmund (D:5)
  4 wraiths (D:9)
  7 shadows
  18 yaks
  Grum (D:8)
  A basilisk (D:8)
  A steam dragon (D:8)
  4 hungry ghosts
  Menkaure (D:7)
  A soldier ant (shapeshifter) (D:13)
  A water moccasin (Lair:1)
  A soldier ant (D:13)
  Duvessa (D:4)
  6 orc warriors
  3 slaves (D:8)
  3 ice beasts
  3 sky beasts
  2 black bears (D:12)
  A hornet zombie (D:12)
  3 ogres
  3 wolves (D:8)
  9 centaurs
  3 crocodiles
  2 big kobolds
  7 bullfrogs
  Dowan (D:4)
  A wyvern skeleton (D:6)
  3 scorpions
  4 killer bees (D:7)
  14 wights
  5 howler monkeys
  6 crimson imps
  A bullfrog zombie (D:12)
  6 centaur zombies
  7 jellies
  9 hounds
  6 orc priests
  2 bullfrog skeletons (D:12)
  13 orc wizards
  Ijyb (D:3)
  2 iguanas
  12 worker ants
  A killer bee zombie (D:9)
  A hound zombie (D:9)
  2 hound skeletons (D:9)
  10 adders
  A howler monkey skeleton (D:7)
  4 shadow imps
  6 oozes
  2 adder skeletons (D:9)
  7 worms
  3 dart slugs
  2 leopard geckos
  32 orcs
  10 bats
  4 giant cockroaches
  8 goblins
  9 hobgoblins
  9 jackals
  16 kobolds
  7 quokkas
  3 ball pythons
  4 frilled lizards
  A giant cockroach zombie (D:5)
  2 jackal skeletons
  3 leopard gecko skeletons
  A leopard gecko zombie (D:9)
  6 rats
  2 fungi (D:9)
362 creatures vanquished.

Vanquished Creatures (others)
  A slave (D:8)
  An orc (D:8)
2 creatures vanquished.

Grand Total: 364 creatures vanquished

Notes
Turn   | Place    | Note
-------+----------+-------------------------------------------
     0 | D:1      | Flugslaktarn the Minotaur Fighter began the quest for the
                  | Orb.
     0 | D:1      | Reached XP level 1. HP: 19/19 MP: 0/0
   121 | D:1      | Reached XP level 2. HP: 27/27 MP: 1/1
   169 | D:1      | Reached skill level 3 in Axes
   711 | D:2      | Reached XP level 3. HP: 33/33 MP: 2/2
   767 | D:2      | Found a white marble altar of Elyvilon.
  1326 | D:2      | Reached XP level 4. HP: 40/40 MP: 3/3
  1831 | D:3      | Reached skill level 4 in Axes
  1869 | D:3      | Noticed Ijyb
  1880 | D:3      | Reached skill level 13 in Axes
  1880 | D:3      | Reached XP level 5. HP: 38/47 MP: 4/4
  1882 | D:3      | Killed Ijyb
  2373 | D:3      | Reached XP level 6. HP: 52/53 MP: 5/5
  3081 | D:4      | Noticed Duvessa
  3081 | D:4      | Noticed Dowan
  3090 | D:4      | Killed Duvessa
  3090 | D:4      | Reached XP level 7. HP: 46/60 MP: 6/6
  3123 | D:4      | Killed Dowan
  3387 | D:4      | Found a radiant altar of Vehumet.
  3388 | D:4      | Found a burning altar of Makhleb.
  3468 | D:4      | Found a runed translucent gate.
  3468 | D:4      | Found a runed translucent gate.
  3468 | D:4      | Found a runed translucent gate.
  3473 | D:4      | Noticed Amnesiac's ghost (amateur DEWz)
  3695 | D:5      | Entered Level 5 of the Dungeon
  3739 | D:5      | Reached skill level 5 in Shields
  3768 | D:5      | Reached skill level 5 in Fighting
  3768 | D:5      | Reached skill level 5 in Armour
  3778 | D:5      | Found a staircase to the Ecumenical Temple.
  3823 | Temple   | Entered the Ecumenical Temple
  4061 | D:5      | Noticed Sigmund
  4068 | D:5      | Killed Sigmund
  4068 | D:5      | Reached XP level 8. HP: 39/68 MP: 7/7
  4236 | D:5      | Reached skill level 14 in Axes
  4979 | D:6      | Noticed a hippogriff
  4990 | D:6      | Killed a hippogriff
  5683 | D:6      | Found Yrehul's Jewellery Shop.
  5883 | D:7      | Noticed a hippogriff
  5894 | D:7      | Reached XP level 9. HP: 61/75 MP: 8/8
  6554 | D:7      | Noticed Menkaure
  6558 | D:7      | Killed Menkaure
  7330 | D:8      | Noticed Pikel
  7350 | D:8      | Killed Pikel
  7665 | D:8      | Noticed a troll
  7992 | D:8      | Killed a troll
  7992 | D:8      | Reached skill level 15 in Axes
  8251 | D:8      | Reached XP level 10. HP: 81/86 MP: 9/9
  9041 | D:8      | Noticed Grum
  9055 | D:8      | Killed Grum
  9157 | D:8      | Identified the amulet "Timmuc" {Harm *Drain rN+ Str+3 Int-4
                  | Stlth+}
  9548 | D:9      | Noticed a death yak
  9550 | D:9      | Found a staircase to the Lair.
  9899 | D:8      | Killed a death yak
 10357 | D:9      | Noticed a two-headed ogre
 10358 | D:9      | Noticed a skeletal warrior
 10363 | D:9      | Killed a two-headed ogre
 10363 | D:9      | Reached skill level 16 in Axes
 10363 | D:9      | Reached XP level 11. HP: 62/95 MP: 10/10
 10787 | D:9      | Killed a skeletal warrior
 10940 | D:9      | Noticed a skeletal warrior
 10965 | D:9      | Killed a skeletal warrior
 11279 | D:9      | Found an opulent altar of Gozag.
 11296 | D:9      | Became a worshipper of Gozag Ym Sagoz the Greedy
 11771 | Lair:1   | Entered Level 1 of the Lair of Beasts
 11795 | D:10     | Entered Level 10 of the Dungeon
 12046 | D:10     | Found Qisits Pofi's Antique Armour Boutique.
 12049 | D:10     | Bought a pair of embroidered gloves for 232 gold pieces
 12143 | D:10     | Found Ruzxois's Weapon Shop.
 12202 | D:10     | Found a staircase to the Orcish Mines.
 12537 | D:10     | Noticed Erolcha
 12551 | D:10     | Killed Erolcha
 12551 | D:10     | Reached skill level 17 in Axes
 12984 | D:11     | Noticed Erica
 12990 | D:11     | Killed Erica
 13190 | D:11     | Identified the Papyrus of the Glacier
 13217 | D:11     | Found a hide-covered altar of Uskayaw.
 13229 | D:11     | Reached XP level 12. HP: 106/106 MP: 11/11
 13277 | D:11     | Noticed a two-headed ogre
 13287 | D:11     | Killed a two-headed ogre
 13287 | D:11     | Reached skill level 10 in Fighting
 13287 | D:11     | Reached skill level 10 in Shields
 13344 | D:11     | Reached skill level 10 in Armour
 13928 | D:11     | Noticed a two-headed ogre
 13938 | D:11     | Killed a two-headed ogre
 14393 | D:12     | Found a shimmering altar of Xom.
 14393 | D:12     | Found a shimmering altar of Xom.
 14393 | D:12     | Found a shimmering altar of Xom.
 14969 | D:12     | Reached skill level 18 in Axes
 15036 | D:12     | Found a shimmering altar of Xom.
 15172 | D:13     | Noticed Rupert
 15173 | D:13     | Noticed a two-headed ogre
 15187 | D:13     | Paralysed by Rupert for 3 turns
 15192 | D:13     | HP: 4/108 [Rupert/+3 great mace of draining (8)]
 15195 | D:12     | Mangled by Rupert

Levels and vault maps discovered:
D:1:      eino_arrival_water_cross, layout_loops_ring
D:2:      layout_loops_corners, nicolae_overflow_hidden_temple
D:3:      layout_basic, uniq_ijyb
D:4:      layout_rooms, grunt_temple_overflow_lords_of_destruction,
          gammafunk_ghost_necromancy, uniq_duvessa
D:5:      layout_loops_ring, minmay_temple_entry_overgrown, first_ration,
          kennysheep_opposing_triangles, uniq_sigmund
D:6:      layout_rooms, serial_shops, nicolae_shop_window_shopping
D:7:      layout_basic, roderic_roman_lattice, uniq_menkaure
D:8:      minmay_cut_squares, layout_basic, hangedman_little_slice_of_home,
          uniq_pikel, uniq_grum
D:9:      hangedman_screamer, layout_rooms,
          nicolae_gozag_cash_rules_everything_around_me, david_lair_generic
D:10:     layout_stronghold, orc_david_3, serial_shops, kennysheep_mini_moat,
          chequers_serial_rivers_room_b, uniq_erolcha
D:11:     layout_rooms, basic_altar, uniq_erica
D:12:     layout_loops_ring, xom_shifter_show
D:13:     layout_cave_pools, david_vaults_4, minmay_variable_closet,
          uniq_rupert, uniq_sonja, uniq_kirke, uniq_azrael
Temple:   compressed_dpeg_circular_temple
Lair:1:   layout_small_grid, special_room [special_room_bee], serial_bayou,
          serial_bayou_lake_a, serial_bayou_pond_b, serial_bayou_pond_e,
          serial_bayou_ford_a, serial_bayou_pond_e, serial_bayou_pond_a

Skill      XL: |  1  2  3  4  5  6  7  8  9 10 11 12 |
---------------+-------------------------------------+-----
Axes           | 3 13 14 15 16 17 18 | 18.0
Armour         | 4 5 6 7 8 9 10 | 10.6
Shields        | 4 5 6 7 8 9 10 | 10.7
Fighting       | 4 5 6 7 8 9 10 | 10.7

Action                   |  1- 3 |  4- 6 |  7- 9 | 10-12 || total
-------------------------+-------+-------+-------+-------++-------
Melee: War axe           |    85 |   108 |   242 |       ||   435
       Headbutt          |     8 |    19 |    48 |   175 ||   250
       Broad axe         |       |       |    30 |   694 ||   724
Invok: Potion Petition   |       |       |       |     1 ||     1
  Use: Potion            |       |     5 |     2 |     2 ||     9
       Scroll            |       |       |    11 |     2 ||    13
 Stab: Distracted        |       |       |       |     3 ||     3
  Eat: Chunk             |     1 |     6 |    11 |     5 ||    23
       Ration            |       |       |     2 |     8 ||    10
Armor: Scale mail        |    37 |    29 |    64 |     8 ||   138
       Skin              |       |     3 |    11 |       ||    14
       Plate armour      |       |       |       |   232 ||   232
Dodge: Dodged            |    20 |    32 |    75 |    44 ||   171
Block: Kite shield       |    38 |    45 |    70 |       ||   153
       Tower shield      |       |       |   143 |   529 ||   672

Table legend:
 A = Non-vault XP
 B = Vault XP
 C = Vault XP percentage of total XP
 D = Non-vault monster count
 E = Vault monster count
 F = Vault count percentage of total count
                 A         B        C        D         E       F
            +---------+---------+-------+---------+---------+-------
      Total |   19851 |   11391 |  36.5 |     289 |      68 |  19.0
            +---------+---------+-------+---------+---------+-------
        D:1 |      29 |       0 |   0.0 |      16 |       0 |   0.0
        D:2 |      85 |       0 |   0.0 |      32 |       0 |   0.0
        D:3 |      79 |      36 |  31.3 |      16 |       1 |   5.9
        D:4 |     304 |     267 |  46.8 |      13 |       3 |  18.8
        D:5 |     557 |     256 |  31.5 |      15 |       4 |  21.1
        D:6 |     837 |       0 |   0.0 |      22 |       0 |   0.0
        D:7 |    1070 |     172 |  13.8 |      17 |       1 |   5.6
        D:8 |    1473 |    3215 |  68.6 |      32 |      21 |  39.6
        D:9 |    3095 |    5113 |  62.3 |      34 |      32 |  48.5
       D:10 |    1477 |    1440 |  49.4 |      13 |       5 |  27.8
       D:11 |    6203 |     892 |  12.6 |      33 |       1 |   2.9
       D:12 |    4164 |       0 |   0.0 |      43 |       0 |   0.0
       D:13 |     319 |       0 |   0.0 |       2 |       0 |   0.0
     Lair:1 |     159 |       0 |   0.0 |       1 |       0 |   0.0
            +---------+---------+-------+---------+---------+-------
